 Dungeon Crawl Stone Soup version 0.30.0-10-gfe55d96785 (webtiles) character file.

Game seed: 6500471732287815956

170 Pimp the Shooter (level 5, -1/45 HPs)
             Began as a Draconian Hunter on May 15, 2023.
             Slain by RascalDebosk's ghost (4 damage)
             ... on level 3 of the Dungeon.
             The game lasted 00:04:46 (1975 turns).

Pimp the Shooter (Draconian Hunter)                 Turns: 1975, Time: 00:04:47

Health: -1/45      AC:  5    Str: 14    XL:     5   Next: 25%
Magic:  5/5        EV: 13    Int: 15    God:
Gold:   188        SH:  0    Dex: 16    Spells: 4/4 levels left

rFire   + . .        g - +3 war axe (vamp)
rCold   + . .        (no shield)
rNeg    . . .        (body armour unavailable)
rPois   +            (helmet restricted)
rElec   +            (no cloak)
rCorr   +            (no gloves)
SInv    .            (no boots)
Will    .....        (no amulet)
Stlth   ++           c - +6 ring of intelligence
HPRegen 0.27/turn    k - ring of poison resistance
MPRegen 0.09/turn

%: no passive effects
@: mighty, brilliant, lethally poisoned (-1 -> -5), resistant
A: AC +5, unfitting armour, cold-blooded
a: no special abilities


You were on level 3 of the Dungeon.
You visited 1 branch of the dungeon, and saw 3 of its levels.

You collected 188 gold pieces.

Inventory:

Hand Weapons
 a - a +0 shortbow of draining
 f - a +0 short sword of speed
 g - a +3 vampiric war axe (weapon)
Jewellery
 c - a +6 ring of intelligence (left hand)
 k - a ring of poison resistance (right hand)
Scrolls
 b - 3 scrolls of immolation
 h - a scroll of amnesia {unknown}
 l - a scroll of teleportation {unknown}
 m - a scroll of summoning {unknown}
 n - a scroll of fear {unknown}
Potions
 d - a potion of might
 i - a potion of flight


   Skills:
 + Level 3.5 Fighting
 + Level 4.3 Ranged Weapons
 + Level 2.8 Dodging
 + Level 2.6 Stealth


You had 4 spell levels left.
You didn't know any spells.
Your spell library was empty.

Dungeon Overview and Level Annotations

Branches:
Dungeon (3/15)

Altars:

Annotations:
D:3 RascalDebosk's ghost, amateur DjEE


Innate Abilities, Weirdness & Mutations

Your plain brown scales are hard. (AC +5)
You cannot fit into any form of body armour.
You are cold-blooded and may be slowed by cold attacks.


Message History

The kobold throws a poisoned dart.
The poisoned dart hits you!
You are poisoned.
You slash the kobold!
You feel better.
You kill the kobold!
You feel sick. The kobold hits you but does no damage.
You slash the kobold!
You feel better.
You kill the kobold!
You feel sick.
You slash RascalDebosk's ghost!
RascalDebosk's ghost is heavily damaged.
You feel sick.
RascalDebosk's ghost casts a spell at you.
The stone arrow hits you!
RascalDebosk's ghost hits you but does no damage.
The kobold hits you with a +2 whip of venom.
You are more poisoned.
You barely miss RascalDebosk's ghost.
RascalDebosk's ghost is heavily damaged.
You slash the kobold!
You feel better.
You kill the kobold!
You feel very sick.
RascalDebosk's ghost casts a spell at you.
The stone arrow misses you.
You closely miss RascalDebosk's ghost.
RascalDebosk's ghost is heavily damaged.
You feel very sick.
RascalDebosk's ghost hits you but does no damage.
RascalDebosk's ghost points at you and mumbles some strange words.
The stone arrow hits you!
* * * LOW HITPOINT WARNING * * *
It was a potion of resistance.
You feel protected.
* * * LOW HITPOINT WARNING * * *
You feel sick.
RascalDebosk's ghost hits you but does no damage.
It was a potion of brilliance.
You feel clever all of a sudden.
* * * LOW HITPOINT WARNING * * *
You feel sick. RascalDebosk's ghost hits you.
You die...

....## ##.⌠.##.# #......###
.....# ##.#.#.#.# #.........
.....# #...#..'.######...######
.....# #!.....'................
.....##
#$..#..'.#.[.)...#######
####..#####[#.#.#.##..........#
#
##.....##.⌠.##.#######.###.###
############W)# #.# #.... #)@##
#.# ##### ##..# #.# ##.# #.#
#.#######.## #...##.....#
###........# ###.>.##.#
######.# #.#


You could see RascalDebosk's ghost.

Vanquished Creatures
  A kobold brigand (D:3)
  An adder (D:3)
  2 worms
  6 orcs (D:3)
  4 ball pythons
  6 endoplasms
  2 giant cockroaches (D:1)
  5 goblins
  6 hobgoblins
  9 jackals
  5 quokkas
  4 bats
  3 frilled lizards (D:1)
  15 kobolds
  3 rats
72 creatures vanquished.

Notes
Turn   | Place    | Note
-------+----------+-------------------------------------------
     0 | D:1      | Pimp the Draconian Hunter began the quest for the Orb.
     0 | D:1      | Reached XP level 1. HP: 17/17 MP: 1/1
    27 | D:1      | Reached skill level 1 in Stealth
   113 | D:1      | Reached XP level 2. HP: 25/25 MP: 2/2
   671 | D:1      | Reached XP level 3. HP: 30/30 MP: 3/3
  1209 | D:2      | You fall into a shaft and drop 1 floor!
  1247 | D:3      | Found a runed translucent gate.
  1248 | D:3      | Found a runed translucent gate.
  1248 | D:3      | Noticed RascalDebosk's ghost (amateur DjEE)
  1249 | D:3      | Found a runed translucent gate.
  1251 | D:3      | Noticed a kobold brigand
  1322 | D:3      | Reached skill level 4 in Ranged Weapons
  1455 | D:3      | Reached XP level 4. HP: 35/38 MP: 4/4
  1732 | D:3      | Found a faded altar of an unknown god.
  1963 | D:3      | Killed a kobold brigand
  1964 | D:3      | Reached XP level 5. HP: 38/45 MP: 5/5
  1975 | D:3      | Slain by RascalDebosk's ghost

Illustrated notes

Levels and vault maps discovered:
D:1:      dpeg_arrival_ternary, layout_basic
D:2:      layout_loops_cross, chequers_mini_garden,
          chequers_serial_rivers_large_b
D:3:      layout_basic, gammafunk_ghost_nasty_kobolds,
          hellmonk_ecumenical_altar_dog_temple, st_stairs_1

Skill      XL: |  1  2  3 |
---------------+----------+-----
Stealth        | 1 2 |  2.6
Dodging        | 2 |  2.8
Fighting       | 3 |  3.5
Ranged Weapons | 4 |  4.3

Action                     |  1- 3 |  4- 6 || total
---------------------------+-------+-------++-------
  Melee: Short sword       |    21 |       ||    21
         War axe           |    20 |    33 ||    53
         Tailslap          |     2 |     2 ||     4
         Punch             |     1 |       ||     1
   Fire: Shortbow          |    86 |       ||    86
    Use: Scroll            |     3 |       ||     3
         Potion            |       |     3 ||     3
 Armour: Skin              |    24 |    16 ||    40
  Dodge: Dodged            |    47 |    26 ||    73
